 Dungeon Crawl Stone Soup version 0.27-a0-1456-gf5a116941d (webtiles) character file.

Game seed: 17045386335688605438

25762 freelancePsychic the Fighter (level 13, -10/109 HPs)
             Began as a Human Transmuter on July 6, 2021.
             Was an Initiate of Gozag.
             Mangled by an ogre mage (12 damage)
             ... while paralysed by an ogre mage
             ... on level 2 of the Orcish Mines.
             The game lasted 00:50:44 (22535 turns).

freelancePsychic the Fighter (Human Transmuter)    Turns: 22535, Time: 00:50:45

Health: -10/109    AC:  2    Str: 17    XL:     13   Next: 53%
Magic:  14/16      EV:  5    Int: 18    God:    Gozag
Gold:   1563       SH:  0    Dex: 19    Spells: 3/16 levels left

rFire    + . .     SeeInvis .     - Unarmed
rCold    . . .     Faith    .   (shield currently unavailable)
rNeg     . . .     Spirit   .   (armour currently unavailable)
rPois    x         Reflect  +   (helmet currently unavailable)
rElec    .         Harm     .   (cloak currently unavailable)
rCorr    .         Rampage  .   (gloves currently unavailable)
Will     .....                  (boots currently unavailable)
Stlth    ++........             p - amulet of reflection
HPRegen  0.28/turn              o - +6 ring of strength
MPRegen  0.15/turn              y - ring of protection from fire

@: paralysed, spider-form, gold aura
A: venomous fangs, tiny
a: End Transformation, Renounce Religion, Potion Petition, Call Merchant, Bribe
Branch


You were on level 2 of the Orcish Mines.
You worshipped Gozag.
Gozag was most pleased with you.
You were a venomous arachnid creature.
You visited 3 branches of the dungeon, and saw 16 of its levels.

You collected 4487 gold pieces.
You paid 2924 gold pieces to Gozag.

Inventory:

Hand Weapons
 i - a +1 whip
Armour
 a - a +0 robe
 c - a +0 cloak (melded)
 A - a +4 ring mail of poison resistance (melded)
 D - a +2 hat (melded)
 I - a +1 scale mail of fire resistance
Jewellery
 d - an amulet of guardian spirit
 o - a +6 ring of strength (left front leg)
 p - an amulet of reflection (around neck)
 r - a ring of resist corrosion
 w - a ring of flight
 y - a ring of protection from fire (right front leg)
 G - a ring of wizardry
 H - a +6 ring of intelligence
Wands
 f - a wand of mindburst (47)
 t - a wand of flame (27)
 B - a wand of paralysis (19)
 C - a wand of digging (3)
Scrolls
 b - 2 scrolls of vulnerability
 e - 2 scrolls of enchant armour
 g - a scroll of fog
 l - a scroll of amnesia
 m - a scroll of magic mapping
 x - a scroll of blinking
 E - 2 scrolls of identify {@r1}
 F - a scroll of teleportation {@r4}
Potions
 h - a potion of lignification {unknown}
 j - 2 potions of flight {unknown}
 k - a potion of ambrosia {unknown}
 q - 2 potions of attraction {unknown}
 s - 2 potions of resistance {unknown}
 u - 4 potions of degeneration {unknown}
 v - 2 potions of haste {@q3}
 z - a potion of magic {unknown}


   Skills:
 + Level 12.6 Fighting
 - Level 5.4 Armour
 + Level 8.5 Dodging
 - Level 10.5 Unarmed Combat
 - Level 2.0 Spellcasting
 - Level 10.0 Transmutations
 - Level 5.0 Ice Magic
 - Level 2.1 Poison Magic


You had 3 spell levels left.
You knew the following spells:

 Your Spells              Type           Power      Damage    Failure   Level
a - Beastly Appendage     Tmut           74%        N/A       2%          1
b - Spider Form           Tmut/Pois      11%        N/A       13%         3
c - Ice Form              Ice/Tmut       28%        N/A       22%         4
d - Blade Hands           Tmut           18%        N/A       22%         5

Your spell library contained the following spells:

 Spells                   Type           Power      Damage    Failure   Level
 Wereblood                Tmut           37%        N/A       3%          2
 Ensorcelled Hibernation  Hex/Ice        20%        N/A       24%         2
 Ignite Poison            Fire/Tmut/Pois 16%        N/A       26%         3
 Sublimation of Blood     Necr           0%         N/A       47%         2
 Conjure Flame            Conj/Fire      1%         6-21      69%         3
 Stone Arrow              Conj/Erth      2%         3d7       69%         3
 Animate Armour           Summ/Erth      2%         N/A       96%         4
 Sticky Flame             Conj/Fire      1%         2d3       96%         4
 Summon Forest            Summ/Tloc      0%         N/A       100%        5
 Summon Mana Viper        Hex/Summ       1%         N/A       100%        5
 Iron Shot                Conj/Erth      0%         9d1       100%        6
 Shadow Creatures         Summ           N/A        N/A       100%        6
 Summon Hydra             Summ           0%         N/A       100%        7
 Lehudib's Crystal Spear  Conj/Erth      0%         10d2      100%        8


Dungeon Overview and Level Annotations

Branches:
Dungeon (13/15)            Temple (1/1) D:6            Lair (0/6) D:9
    Orc (2/2) D:9             Elf (0/3) Orc:2
 Vaults: D:13-14

Altars:
Ashenzari
Cheibriados
Dithmenos
Elyvilon
Fedhas
Gozag
Hepliaklqana
Kikubaaqudgha
Makhleb
Nemelex Xobeh
Okawaru
Qazlal
Ru
Sif Muna
Trog
Uskayaw
Vehumet
Wu Jian
Xom
Yredelemnul
Zin
The Shining One

Shops:
D:1 (   Orc:2 ?

Annotations:
D:1 exclusion: downstairs
D:5 1 runed translucent door, exclusion: downstairs, quinnr's ghost, novice DsAE
D:7 2 transporters, mattbin's ghost, novice MiFi
D:9 3 runed translucent doors, freelancePsychic's ghost, journeyman HuHu
D:12 2 transporters, dolemite99's ghost, journeyman MiGl


Message History

The ogre mage flickers and vanishes!
Deactivating autopickup; reactivate with Ctrl-A.
The orc sorcerer casts a spell at you. The bolt of fire hits you!! You resist.
There is an open door, spattered with blood here.
Items here: ))))))) [[[[[[.
Things that are here:
a +0 dagger; a +0 robe
Casting: Spider Form (mildly dangerous; 8% risk of failure)
Confirm with . or Enter, or press ? or * to list all spells.
You turn into a venomous arachnid creature.
Your +0 cloak melds into your body.
Your +2 hat melds into your body.
Your +4 ring mail of poison resistance melds into your body.
You no longer feel resistant to poison.
You maul the ogre!!
The ogre looks as sick as possible!
The ogre is severely wounded.
The ogre closely misses you.
You maul the ogre!!
You kill the ogre!
Something hits you! Something hits you!
The ogre mage gestures at you while chanting.
You suddenly lose the ability to move!
Something hits you! The orc sorcerer barely misses you.
The ogre mage casts a spell at you. The bolt of magma hits you!
You partially resist.
You hear some strange, mumbled words.
The ogre mage seems to speed up.
The orc sorcerer hits you with a +0 dagger.
The ogre mage hits you with a +0 flail!
* * * LOW HITPOINT WARNING * * *
The ogre mage hits you with a +0 flail!
* * * LOW HITPOINT WARNING * * *
Something hits you.
* * * LOW HITPOINT WARNING * * *
The orc sorcerer hits you with a +0 dagger.
* * * LOW HITPOINT WARNING * * *
The ogre mage hits you with a +0 flail!
You die...
Your body crumbles into a pile of gold.

.§.)§.).)..≈#..O# ≈..'..
≈≈§§§≈§....≈#..O##§..#
#≈§≈####...≈#8...§≈..#
#≈###....§.§#...§....##
≈≈#.....§..§#≈≈≈......##
≈##..≈≈≈...≈#####......##
≈#8.#####.§≈#####.......#
≈##..≈§§...§≈≈.)#O....8.≈
≈§#...§§..§§....s)....#.≈
≈###.........8)#o..._# ≈
###8.§≈≈....'..8###
#≈≈≈≈§≈≈≈...##...§≈
≈≈≈≈≈≈≈≈≈≈≈≈§##≈§§##
#####≈≈≈≈≈##### ####
#######


You could see an ogre mage (fast) and an orc sorcerer.

Vanquished Creatures
  Gastronok (D:11)
  A hydra (D:12)
  2 boulder beetles
  An ogre mage (Orc:2)
  2 centaur warriors
  A two-headed ogre (D:12)
  An orc high priest (Orc:2)
  Nergalle (Orc:2)
  2 skeletal warriors (D:11)
  Pikel (D:6)
  4 orc sorcerers (Orc:2)
  2 deep elf pyromancers
  Joseph (D:7)
  Maggie (D:7)
  A troll (Orc:2)
  A hornet (D:9)
  13 slime creatures
  2 vampires
  3 wraiths
  3 wyverns
  4 yaks (D:11)
  2 steam dragons
  7 vampire mosquitoes
  Menkaure (D:5)
  2 wargs
  An acid dragon (D:8)
  A hornet zombie (D:7)
  3 black bears
  A sky beast (D:7)
  10 orc warriors
  A necrophage (D:6)
  9 ogres
  10 centaurs
  4 lemures
  4 kobold brigands
  3 bullfrogs (D:9)
  3 gnoll sergeants
  3 scorpions
  A wyvern zombie (D:5)
  5 water moccasin zombies
  A water moccasin skeleton (D:5)
  A howler monkey (D:10)
  11 wights
  A crimson imp (D:5)
  2 bullfrog zombies (D:5)
  8 centaur zombies
  2 jellies
  3 hounds
  7 orc priests
  2 bullfrog skeletons (D:5)
  A centaur skeleton (D:5)
  Terence (D:2)
  2 iguanas
  A scorpion zombie (D:5)
  27 orc wizards
  A killer bee zombie (D:5)
  4 hound zombies (D:5)
  A hound skeleton (D:5)
  2 howler monkey zombies
  13 gnolls
  6 adders
  3 white imps
  An ufetubus (D:7)
  An adder skeleton (D:4)
  An adder zombie (D:5)
  2 worms (D:3)
  A dart slug (D:3)
  41 orcs
  2 endoplasms
  2 giant cockroaches
  2 goblins
  9 hobgoblins
  4 jackals
  2 quokkas
  6 ball pythons
  5 bats
  4 frilled lizards
  2 goblin zombies (D:6)
  3 hobgoblin zombies (D:6)
  24 kobolds
  A kobold skeleton (D:6)
  3 kobold zombies (D:6)
  An orc skeleton (D:6)
  An orc zombie (D:6)
  2 rats
339 creatures vanquished.

Vanquished Creatures (others)
  An orc wizard (Orc:2)
  11 fungi (D:9)
  19 plants
  5 withered plants (D:5)
36 creatures vanquished.

Grand Total: 375 creatures vanquished

Notes
Turn   | Place    | Note
-------+----------+-------------------------------------------
     0 | D:1      | freelancePsychic the Human Transmuter began the quest for
                  | the Orb.
     0 | D:1      | Reached XP level 1. HP: 15/15 MP: 3/3
   404 | D:1      | Reached XP level 2. HP: 18/21 MP: 1/5
   494 | D:1      | Found Intex's Antique Weapon Shop.
   504 | D:1      | Found a faded altar of an unknown god.
   516 | D:1      | Reached skill level 1 in Poison Magic
   939 | D:2      | Noticed a phantom
  1044 | D:2      | Reached XP level 3. HP: 26/26 MP: 3/6
  1048 | D:2      | Learned a level 3 spell: Spider Form
  1305 | D:2      | Noticed Terence
  1470 | D:2      | Killed Terence
  1471 | D:2      | Reached XP level 4. HP: 32/32 MP: 4/7
  2191 | D:3      | Reached skill level 2 in Fighting
  2223 | D:3      | Reached XP level 5. HP: 11/38 MP: 0/8
  3128 | D:3      | Reached XP level 6. HP: 23/46 MP: 5/9
  3539 | D:4      | Reached skill level 3 in Fighting
  4215 | D:4      | Reached XP level 7. HP: 51/53 MP: 6/10
  4545 | D:5      | Entered Level 5 of the Dungeon
  4651 | D:5      | Reached skill level 4 in Fighting
  4651 | D:5      | Reached skill level 5 in Unarmed Combat
  4986 | D:5      | Reached XP level 8. HP: 51/61 MP: 6/11
  5056 | D:5      | Reached skill level 5 in Fighting
  5291 | D:5      | Found a runed translucent door.
  5291 | D:5      | Noticed quinnr's ghost (novice DsAE)
  5735 | D:5      | Reached skill level 6 in Fighting
  5858 | D:5      | Reached XP level 9. HP: 49/69 MP: 6/12
  6364 | D:5      | Reached skill level 5 in Dodging
  6364 | D:5      | Reached skill level 5 in Transmutations
  6556 | D:5      | Noticed Menkaure
  6613 | D:5      | Killed Menkaure
  6614 | D:5      | Reached skill level 1 in Ice Magic
  6761 | D:6      | Noticed Pikel
  7121 | D:6      | Found a glowing golden altar of the Shining One.
  7350 | D:6      | Reached skill level 7 in Fighting
  7879 | D:6      | Killed Pikel
  7880 | D:6      | Reached XP level 10. HP: 68/80 MP: 3/13
  7960 | D:6      | Learned a level 4 spell: Ice Form
  8006 | D:6      | Found a staircase to the Ecumenical Temple.
  8055 | Temple   | Entered the Ecumenical Temple
  8274 | Temple   | Became a worshipper of Gozag Ym Sagoz the Greedy
  8810 | D:7      | Reached skill level 8 in Fighting
  8852 | D:7      | Noticed Joseph
  9342 | D:7      | Noticed mattbin's ghost (novice MiFi)
  9359 | D:7      | Noticed Maggie
  9631 | D:7      | Found a transporter.
  9641 | D:7      | Identified a scroll of acquirement
  9641 | D:7      | Acquired 926 gold pieces
  9685 | D:7      | Found a transporter.
  9715 | D:7      | Killed Joseph
 10026 | D:8      | Reached skill level 5 in Ice Magic
 10026 | D:8      | Found a shadowy altar of Dithmenos.
 10673 | D:8      | Found a glowing silver altar of Zin.
 10730 | D:8      | Found an ancient bone altar of Kikubaaqudgha.
 10870 | D:8      | Found an iron altar of Okawaru.
 10914 | D:8      | Reached skill level 9 in Fighting
 11892 | D:9      | Noticed a two-headed ogre
 12033 | D:9      | Found a staircase to the Orcish Mines.
 12040 | D:9      | You fall into a shaft and drop 2 floors!
 12071 | D:11     | Noticed a skeletal warrior
 12088 | D:11     | Killed a skeletal warrior
 12089 | D:11     | Reached XP level 11. HP: 26/89 MP: 10/14
 12375 | D:11     | Noticed a skeletal warrior
 12376 | D:11     | Noticed a skeletal warrior
 12376 | D:11     | Noticed a skeletal warrior
 12397 | D:12     | Acquired 880 gold pieces
 12408 | D:12     | Noticed a boulder beetle
 12640 | D:11     | Killed a skeletal warrior
 12798 | D:10     | Entered Level 10 of the Dungeon
 12824 | D:10     | Found a burning altar of Makhleb.
 12959 | D:9      | Found a runed translucent gate.
 12959 | D:9      | Found a runed translucent gate.
 12959 | D:9      | Found a runed translucent gate.
 13014 | D:9      | Noticed a green ugly thing
 13014 | D:9      | Noticed freelancePsychic's ghost (journeyman HuHu)
 13648 | D:9      | Reached skill level 10 in Fighting
 13702 | D:9      | Found a staircase to the Lair.
 13857 | D:9      | You fall into a shaft and drop 2 floors!
 13897 | D:9      | Found a broken altar of Ashenzari.
 14203 | D:9      | Paralysed by a hornet for 3 turns
 15803 | D:7      | Killed Maggie
 16110 | D:10     | Found a shimmering blue altar of Sif Muna.
 16344 | D:11     | Noticed a boulder beetle
 16361 | D:11     | Killed a boulder beetle
 16748 | D:11     | Reached XP level 12. HP: 93/98 MP: 12/15
 16831 | D:11     | Learned a level 5 spell: Blade Hands
 16945 | D:11     | Noticed a centaur warrior
 16950 | D:11     | Killed a centaur warrior
 17162 | D:11     | Reached skill level 10 in Transmutations
 17223 | D:11     | Reached skill level 1 in Armour
 17602 | D:11     | Noticed Gastronok
 17618 | D:11     | Killed Gastronok
 17619 | D:11     | Reached skill level 11 in Fighting
 18084 | D:12     | Noticed a two-headed ogre
 18092 | D:12     | Killed a two-headed ogre
 18246 | D:12     | Reached skill level 10 in Unarmed Combat
 18494 | D:12     | Killed a boulder beetle
 18750 | D:12     | Found a transporter.
 18754 | D:12     | Noticed dolemite99's ghost (journeyman MiGl)
 18755 | D:12     | Noticed a two-headed ogre
 18755 | D:12     | Noticed a two-headed ogre
 18756 | D:12     | Noticed a two-headed ogre
 18756 | D:12     | Identified the +5 great mace "Hamaraul" {freeze, rF+ rC+
                  | Dex+6}
 18756 | D:12     | Noticed a frost giant
 18761 | D:12     | Found a transporter.
 19067 | D:12     | Noticed a seven-headed hydra
 19099 | D:12     | Killed a seven-headed hydra
 19100 | D:12     | Reached XP level 13. HP: 83/106 MP: 11/16
 19293 | D:12     | You fall into a shaft and drop 1 floor!
 19299 | D:13     | Reached skill level 5 in Armour
 19526 | D:13     | Noticed a centaur warrior
 19532 | D:13     | Noticed a centaur warrior
 19822 | D:13     | Killed a centaur warrior
 20085 | Orc:1    | Entered Level 1 of the Orcish Mines
 20217 | Orc:2    | Entered Level 2 of the Orcish Mines
 21175 | Orc:2    | Reached skill level 12 in Fighting
 21535 | Orc:2    | Found a staircase to the Elven Halls.
 22068 | Orc:2    | Found an ancient bone altar of Kikubaaqudgha.
 22068 | Orc:2    | Noticed Nergalle
 22090 | Orc:2    | Killed Nergalle
 22249 | Orc:2    | Found Biffuq's Magic Scroll Boutique.
 22372 | Orc:2    | Noticed an ogre mage
 22392 | Orc:2    | Killed an ogre mage
 22516 | Orc:2    | Noticed an ogre mage
 22519 | Orc:2    | Noticed an ogre mage
 22531 | Orc:2    | Paralysed by an ogre mage for 7 turns
 22534 | Orc:2    | HP: 5/109 [something (5)]
 22534 | Orc:2    | HP: 2/109 [orc sorcerer (3)]
 22535 | Orc:2    | Mangled by an ogre mage

Illustrated notes

Levels and vault maps discovered:
D:1:      minmay_arrival_loop, layout_rooms, serial_shops,
          nicolae_shop_statue_plus, basic_ecumenical_altar
D:2:      wad_lake_hut, layout_rooms, uniq_terence
D:3:      layout_rooms, portal_sewer_entry_d, hex_intersection,
          chequers_serial_rivers_small_a, kennysheep_flooded_box
D:4:      layout_rooms, kennysheep_generic_room_4
D:5:      layout_cave_pools, gammafunk_ghost_grave, serial_undead,
          serial_undead_c, serial_undead_f, serial_undead_e, serial_undead_c,
          serial_undead_e, serial_undead_c, serial_undead_d, serial_undead_c,
          serial_undead_e, serial_undead_a, chequers_jeans, minivault_19,
          uniq_menkaure
D:6:      layout_basic, nicolae_tso_besieged_by_evil, minmay_temple_entry_waves,
          minmay_misc_feat_x, minmay_misc_feat_five, uniq_pikel
D:7:      layout_basic, gammafunk_ghost_stat_death, kennysheep_generic_room_10,
          uniq_maggie, uniq_joseph
D:8:      layout_basic, grunt_dithmenos_smoke_and_mirrors, lemuel_tele_altar,
          okawaru_gym_becter, lemuel_coloured_pillars_altar, chequers_garden
D:9:      layout_irregular_city, kennysheep_mini,
          grunt_lair_entry_orc_guard_hut, orc_0_dummy, gammafunk_ghost_split
D:10:     layout_long_grid, nicolae_overflow_hidden_temple, kennysheep_mini_moat
D:11:     layout_irregular_city, minmay_misc_feat_iff, chequers_arboretum,
          uniq_gastronok
D:12:     layout_roguey, gammafunk_ghost_smash
D:13:     layout_roguey [special_room_orc], skrybe_vaults_entry_preservation
Temple:   dpeg_chambers_temple
Orc:1:    layout_caves
Orc:2:    kennysheep_orc_mage_school, layout_diamond_mine

Skill      XL: |  1  2  3  4  5  6  7  8  9 10 11 12 13 |
---------------+----------------------------------------+-----
Poison Magic   | 1 2 |  2.1
Fighting       | 2 3 4 6 7 9 10 11 12 | 12.6
Dodging        | 3 4 6 8 |  8.5
Unarmed Combat | 4 5 6 7 9 10 | 10.5
Transmutations | 3 4 5 9 10 | 10.0
Ice Magic      | 3 5 |  5.0
Armour         | 4 5 |  5.4
Spellcasting   | |  2.0

Action                   |  1- 3 |  4- 6 |  7- 9 | 10-12 | 13-15 || total
-------------------------+-------+-------+-------+-------+-------++-------
Melee: Unarmed           |    78 |   145 |   348 |   543 |   187 ||  1301
       Headbutt          |     6 |     2 |     4 |       |       ||    12
       Kick              |     5 |     6 |     3 |     1 |     3 ||    18
       Punch             |       |     3 |       |     3 |     3 ||     9
 Cast: Beastly Appendage |     8 |     6 |     1 |     1 |     1 ||    17
       Spider Form       |     6 |    14 |    42 |    29 |     9 ||   100
       Ice Form          |       |       |       |    30 |       ||    30
       Blade Hands       |       |       |       |     8 |    14 ||    22
Invok: Potion Petition   |       |       |       |     5 |     3 ||     8
 Abil: End Transformatio |       |       |     2 |     7 |       ||     9
Evoke: Wand              |       |       |       |     2 |       ||     2
  Use: Scroll            |       |     2 |     3 |     6 |     4 ||    15
       Potion            |       |     1 |     4 |     4 |     2 ||    11
 Stab: Sleeping          |     1 |       |       |     1 |       ||     2
       Distracted        |       |       |       |     2 |     1 ||     3
       Paralysed         |       |       |       |     8 |       ||     8
Armor: Robe              |    16 |    18 |     7 |     3 |       ||    44
       Skin              |       |     4 |    15 |    65 |    22 ||   106
       Ring mail         |       |       |       |    25 |    65 ||    90
Dodge: Dodged            |    69 |   129 |   351 |   339 |   121 ||  1009
Block: Other             |       |       |       |    55 |    41 ||    96
       Reflection        |       |       |       |     3 |     2 ||     5

Table legend: (Time is in decaauts)
 A = Elapsed time spent in this place.
 B = Non-inter-level travel time spent in this place.
 C = Inter-level travel time spent in this place.
 D = Time resting spent in this place.
 E = Time spent auto-exploring this place.
 F = Levels seen in this place.
 G = Mean time per level.
                   A        B        C        D        E       F      G
               +--------+--------+--------+--------+--------+-----+--------+
         Total |  22461 |  21891 |    570 |   4897 |  13053 |  16 | 1403.8 |
       Dungeon |  19803 |  19271 |    532 |   4185 |  11647 |  13 | 1523.3 |
        Temple |    232 |    207 |     25 |      0 |    206 |   1 |  232.0 |
  Orcish Mines |   2424 |   2412 |     12 |    712 |   1200 |   2 | 1212.0 |
               +--------+--------+--------+--------+--------+-----+--------+

Top non-repeatable levels by time:
    D:11: 2443 daAuts
     D:5: 2107 daAuts
     D:9: 1957 daAuts
     D:8: 1719 daAuts
     D:6: 1679 daAuts
     D:7: 1595 daAuts
   Orc:2: 1552 daAuts
     D:4: 1492 daAuts
    D:12: 1395 daAuts
     D:3: 1388 daAuts
     D:2: 1269 daAuts
    D:10: 1249 daAuts
     D:1: 897 daAuts
   Orc:1: 872 daAuts
    D:13: 609 daAuts
